 Dungeon Crawl Stone Soup version 0.22-a0-395-gfed312b (webtiles) character file.

10714 Serpenta the Fighter (level 11, 23/99 HPs)
             Began as a Mummy Chaos Knight on May 3, 2018.
             Quit the game on level 12 of the Dungeon.
             The game lasted 00:30:31 (14930 turns).

Serpenta the Fighter (Mummy Chaos Knight)          Turns: 14930, Time: 00:30:32

Health: 23/99      AC: 19    Str: 19    XL:     11   Next: 39%
Magic:  15/15      EV:  5    Int: 12    God:    Xom [..*...]
Gold:   841        SH:  5    Dex: 11    Spells: 10/10 levels left

rFire    . . .     SeeInvis .   c - +0 hand axe (elec)
rCold    + . .     Gourm    .   n - +2 buckler
rNeg     + + +     Faith    .   x - +0 plate armour
rPois    ∞         Spirit   .   s - +2 hat
rElec    .         Reflect  .   z - +0 cloak
rCorr    .         Harm     .   (no gloves)
MR       +....                  j - +2 pair of boots
Stlth    ..........             (no amulet)
HPRegen  0.26/turn              e - ring of stealth
MPRegen  0.14/turn              v - ring of protection from fire

@: no status effects
A: no food or potions, fire vulnerability, cold resistance 1, negative energy
resistance 3, torment resistance, unbreathing
a: Renounce Religion


You were on level 12 of the Dungeon.
You worshipped Xom.
You were a toy of Xom.
You were not hungry.

You visited 1 branch of the dungeon, and saw 12 of its levels.

You collected 841 gold pieces.


Innate Abilities, Weirdness & Mutations

You do not eat or drink.
Your flesh is vulnerable to fire.
You are immune to poison.
Your flesh is cold resistant. (rC+)
You are immune to negative energy. (rN+++)
You are immune to unholy pain and torment.
You can survive without breathing.


   Skills:
 - Level 13.7 Fighting
 * Level 7.4 Axes
 - Level 6.2 Armour
 - Level 0.7 Dodging
 - Level 6.0 Evocations


You had 10 spell levels left.
You didn't know any spells.

Action                   |  1- 3 |  4- 6 |  7- 9 | 10-12 || total
-------------------------+-------+-------+-------+-------++-------
Melee: Hand axe          |    27 |       |       |   312 ||   339
       Dagger            |    74 |   131 |   559 |   275 ||  1039
Throw: Tomahawk          |       |       |     1 |     1 ||     2
Evoke: Wand              |       |       |       |     6 ||     6
  Use: Scroll            |       |     2 |     6 |    12 ||    20
 Stab: Petrified         |       |       |    11 |    12 ||    23
Armor: Chain mail        |    55 |    59 |   230 |       ||   344
       Leather armour    |     2 |       |       |       ||     2
       Plate armour      |       |       |    23 |   460 ||   483
Dodge: Dodged            |    32 |    48 |   112 |   130 ||   322
Block: Buckler           |       |       |   102 |   136 ||   238

Inventory:

Hand Weapons
 a - a +0 hand axe of chaos
 c - a +0 hand axe of electrocution (weapon)
 g - a +2 dagger of venom
 o - a cursed +2 battleaxe of freezing
 u - a +0 war axe
Missiles
 l - 7 tomahawks (quivered)
Armour
 j - a +2 pair of boots (worn)
 k - a +0 helmet
 n - a +2 buckler (worn)
 s - a +2 hat (worn)
 x - a +0 plate armour (worn)
 z - a +0 cloak (worn)
Jewellery
 e - a ring of stealth (left hand)
 f - an uncursed ring of resist corrosion
 v - a ring of protection from fire (right hand)
 C - an uncursed ring of poison resistance {unknown}
Wands
 i - a wand of iceblast (16)
 p - a wand of digging (13)
 y - a wand of acid (2)
 A - a wand of clouds (3)
Scrolls
 h - 5 scrolls of remove curse
 m - a scroll of identify
 q - a scroll of enchant weapon
 r - a scroll of enchant armour
 t - a scroll of immolation
 w - a scroll of fog
 B - a scroll of vulnerability

≈≈,* *,,,,,,,,,*
≈,,* ****#.....*
,,** *?.....* ***
*.....?#* *####
*......Z####...#
**#?.........$.#
*###...........#
##.............#*
#@....hh).5....#
#...h?h...D...##
#.....R..ZZZ..#
##...E§§.E....#
*§.....§V....#
*...§.§....###
*......#....*
*###.[.#....#
#.......<#


You could see Azrael, a fire elemental, 4 hell hounds and a bullfrog zombie.

Vanquished Creatures
  A centaur warrior (D:9)
  2 two-headed ogres
  Maurice (D:8)
  A troll (D:11)
  A hippogriff (D:11)
  Grinder (D:3)
  A spriggan (D:7)
  Sigmund (D:2)
  A wyvern (D:10)
  5 wraiths
  A steam dragon (D:8)
  Menkaure (D:7)
  A water moccasin (D:10)
  A black bear (D:9)
  5 orc warriors
  2 phantoms
  The ghost of George the Cudgeler, an amateur GnWn (D:3)
  6 ogres
  A necrophage (D:10)
  6 centaurs
  A crocodile (D:11)
  A big kobold (D:11)
  9 bullfrogs
  A wyvern zombie (D:9)
  Blork the orc (D:6)
  4 scorpions
  13 killer bees
  9 howler monkeys
  6 wights
  A centaur zombie (D:8)
  7 crimson imps
  5 bullfrog zombies (D:9)
  4 jellies
  3 hounds
  4 orc priests
  2 centaur skeletons
  12 orc wizards
  2 iguanas
  Natasha (thrice) (D:2)
  6 worker ants
  A hound zombie (D:9)
  4 hound skeletons
  2 worker ant zombies
  Robin (D:2)
  5 gnolls
  3 adders
  4 shadow imps
  An ooze (D:4)
  2 adder zombies
  2 worms
  3 dart slugs (D:1)
  7 leopard geckos
  31 orcs
  7 bats
  4 giant cockroaches
  18 goblins
  16 hobgoblins
  12 kobolds
  2 quokkas
  2 ball pythons
  4 frilled lizards
  A leopard gecko skeleton (D:7)
  A quokka skeleton (D:9)
  2 quokka zombies
  10 rats
279 creatures vanquished.

Vanquished Creatures (collateral kills)
  A necromancer (D:9)
1 creature vanquished.

Vanquished Creatures (others)
  5 fungi (D:4)
  7 toadstools (D:1)
12 creatures vanquished.

Grand Total: 292 creatures vanquished

Vault maps used:
D:1:      nagdon_arrival_double_spiral
D:2:      tso_oasis_becter, first_ration, minmay_misc_feat_pillars,
          okawaru_metal_pillars_1_2, uniq_robin, uniq_sigmund, uniq_natasha
D:3:      nicolae_qazlal_eye_of_the_storm, uniq_crazy_yiuf_cottage, uniq_grinder
D:4:      fedhas_altar_3
D:6:      kb_forest_paths, uniq_blork_the_orc
D:7:      minmay_temple_entry_metal_lava, hex_large, the_bakery,
          nrook_mini_vaults, uniq_menkaure
D:8:      uniq_maurice
D:9:      hangedman_screamer, grunt_dithmenos_smoke, lemuel_crystal_altar,
          supply_closet_lemuel, tgw_xom
D:10:     enter_trove_6
D:11:     lair_entry_dummy, david_orc_1_choice
D:12:     serial_shops, nicolae_shop_competitors_out_of_business,
          nicolae_shop_statue_plus, nicolae_island_escapes, uniq_azrael,
          uniq_josephine


Message History

The five-headed hydra bites you.
The centaur warrior zombie barely misses you.
The bullfrog skeleton completely misses you.
A bullfrog zombie comes into view.
Azrael is momentarily hidden by a cloud of flames.
The hell hound breathes flames at you.
The blast of flame hits the hell hound.
The hell hound completely resists.
The blast of flame hits the hell hound.
The hell hound completely resists.
The blast of flame hits you!
* * * LOW HITPOINT WARNING * * *
The bullfrog zombie hits you but does no damage.
The hell hound bites you but does no damage.
The crimson imp hits you but does no damage.
Found 2 lumpy orange potions and a scroll labeled HAGHID DEULE.
Your surroundings suddenly seem different.
Azrael laughs insanely.
Unknown command.
Okay, then.
Enter note: Are you sure you want to abandon this character and quit the game? (Confirm with "yes".)

Notes
Turn   | Place    | Note
-------+----------+-------------------------------------------
     0 | D:1      | Serpenta the Mummy Chaos Knight began the quest for the Orb.
     0 | D:1      | Reached XP level 1. HP: 18/18 MP: 1/1
   314 | D:1      | Reached XP level 2. HP: 24/24 MP: 2/2
   513 | D:1      | Reached XP level 3. HP: 29/29 MP: 3/3
   829 | D:1      | XOM: noise
   982 | D:2      | Noticed Sigmund
   994 | D:2      | XOM: divination: detect creatures
  1001 | D:2      | XOM: harmless Conj miscast
  1018 | D:2      | XOM: potion effect (heal wounds)
  1049 | D:2      | Killed Sigmund
  1049 | D:2      | Reached skill level 5 in Fighting
  1049 | D:2      | Reached XP level 4. HP: 38/40 MP: 4/4
  1049 | D:2      | Reached XP level 5. HP: 44/46 MP: 5/5
  1167 | D:2      | Noticed an ogre
  1168 | D:2      | XOM: smoke on damage
  1181 | D:2      | XOM: butterfly on damage
  1191 | D:2      | Killed an ogre
  1191 | D:2      | Reached skill level 6 in Fighting
  1191 | D:2      | Reached XP level 6. HP: 15/53 MP: 6/6
  1232 | D:2      | XOM: noise
  1307 | D:1      | XOM: noise
  1389 | D:1      | XOM: harmless Summ miscast
  1390 | D:1      | XOM: cloud trail
  1391 | D:2      | Noticed Robin
  1461 | D:2      | Killed Robin
  1580 | D:2      | XOM: divination: detect creatures
  1639 | D:2      | XOM: medium Ice miscast
  1875 | D:2      | Noticed Natasha
  1882 | D:2      | XOM: harmless Necr miscast
  1883 | D:2      | Killed Natasha
  1984 | D:2      | Found an iron altar of Okawaru.
  2128 | D:2      | Found a glowing golden altar of the Shining One.
  2392 | D:2      | Noticed Natasha
  2400 | D:2      | Killed Natasha
  2704 | D:2      | XOM: god gift: distressingly furry centaur barding {god gift}
  2788 | D:2      | Found an iron altar of Okawaru.
  2810 | D:2      | Noticed Natasha
  2820 | D:2      | Killed Natasha
  2820 | D:2      | Reached skill level 7 in Fighting
  2970 | D:3      | Found a runed door.
  3046 | D:3      | XOM: divination: detect items
  3291 | D:3      | Noticed George's ghost (amateur GnWn)
  3304 | D:3      | XOM: potion effect (brilliance)
  3308 | D:3      | XOM: potion effect (experience)
  3308 | D:3      | Reached skill level 13 in Fighting
  3308 | D:3      | Reached XP level 7. HP: 73/73 MP: 7/7
  3339 | D:3      | Killed George's ghost
  3356 | D:3      | XOM: harmless Ice miscast
  3571 | D:3      | Noticed Grinder
  3575 | D:3      | XOM: cast spell 'Summon Small Mammal'
  3576 | D:3      | Killed Grinder
  3576 | D:3      | Reached XP level 8. HP: 80/80 MP: 8/8
  3795 | D:3      | Found a stormy altar of Qazlal.
  3938 | D:3      | XOM: silly message
  4039 | D:4      | XOM: silly message
  4304 | D:4      | XOM: potion effect (haste)
  4305 | D:4      | Reached skill level 1 in Evocations
  4498 | D:4      | Found a blossoming altar of Fedhas.
  4584 | D:4      | XOM: harmless Ice miscast
  4670 | D:4      | XOM: harmless Chrm miscast
  4687 | D:4      | XOM: divination: detect creatures
  4881 | D:4      | XOM: silly message
  5118 | D:5      | Entered Level 5 of the Dungeon
  5248 | D:5      | XOM: cloud trail
  5277 | D:5      | XOM: mild Erth miscast
  5769 | D:5      | XOM: cloud trail
  6225 | D:6      | Reached XP level 9. HP: 76/86 MP: 10/10
  6267 | D:6      | XOM: divination: magic mapping
  6291 | D:6      | XOM: harmless Air miscast
  6514 | D:6      | XOM: divination: magic mapping
  6557 | D:5      | XOM: cloud trail
  6702 | D:6      | XOM: 2-stop teleportation journey
  6747 | D:6      | XOM is BORED!
  6747 | D:6      | XOM: medium Chrm miscast
  7172 | D:6      | XOM: silly message
  7218 | D:6      | Noticed Blork the orc
  7232 | D:6      | Killed Blork the orc
  7258 | D:6      | XOM: summons 3 hostile shadow creatures
  7586 | D:6      | XOM: mild Hex miscast
  7813 | D:7      | XOM: harmless Tloc miscast
  8254 | D:7      | Found a staircase to the Ecumenical Temple.
  8266 | D:7      | Noticed Menkaure
  8274 | D:7      | Killed Menkaure
  8415 | D:7      | XOM: mild Chrm miscast
  8603 | D:7      | XOM: medium Air miscast
  8703 | D:7      | XOM: noise
  8864 | D:8      | XOM: blink monster(s)
  8889 | D:8      | Reached skill level 5 in Armour
  8897 | D:8      | XOM: mild Tmut miscast
  8917 | D:8      | XOM is BORED!
  8917 | D:8      | XOM: medium Erth miscast
  8968 | D:8      | XOM: 2-stop teleportation journey
  9069 | D:8      | XOM: harmless Ice miscast
  9094 | D:8      | HP: 3/86 [orc warrior/tomahawk (3)]
  9677 | D:8      | Noticed Maurice
  9684 | D:8      | XOM: cleaving
  9693 | D:8      | Killed Maurice
  9693 | D:8      | Reached XP level 10. HP: 88/93 MP: 13/13
  9820 | D:8      | XOM: blink monster(s)
  9846 | D:8      | XOM: enchant monster (good)
 10004 | D:8      | XOM: scenery: create altars
 10708 | D:8      | XOM: cloud trail
 10824 | D:8      | Reached skill level 5 in Evocations
 10898 | D:9      | XOM: fog
 10899 | D:9      | XOM: god gift: robe {god gift}
 10952 | D:9      | Found a shadowy altar of Dithmenos.
 10993 | D:9      | XOM: summons friendly ufetubus
 11003 | D:9      | XOM: smoke on damage
 11202 | D:9      | XOM: fake destruction
 11210 | D:9      | Noticed a centaur warrior
 11225 | D:9      | XOM: swap monsters
 11236 | D:9      | Killed a centaur warrior
 11431 | D:9      | XOM: confusion
 11442 | D:9      | XOM: summons 5 hostile demons
 11463 | D:9      | XOM: stat loss: -1 Dex (10/11)
 11464 | D:9      | XOM: silly message
 11760 | D:9      | XOM: scenery: create altars
 11794 | D:9      | WHAT?
 12111 | D:9      | wtf
 12309 | D:9      | XOM: destruction
 12416 | D:9      | Noticed a necromancer
 12421 | D:9      | Killed a necromancer
 12439 | D:10     | Entered Level 10 of the Dungeon
 12569 | D:10     | Found a portal to a secret trove of treasure.
 12584 | D:10     | XOM: cloud trail
 12672 | D:10     | XOM: scenery: create altars
 12769 | D:9      | Found a blossoming altar of Fedhas.
 12809 | D:9      | Found a shimmering altar of Xom.
 12829 | D:9      | XOM: harmless Conj miscast
 12921 | D:9      | XOM: mild Tloc miscast
 12947 | D:9      | XOM: divination: detect items
 13072 | D:9      | XOM is BORED!
 13101 | D:9      | Reached XP level 11. HP: 99/99 MP: 15/15
 13171 | D:9      | Reached skill level 5 in Axes
 13313 | D:10     | XOM: destruction
 13378 | D:10     | XOM: confuse monster(s)
 13494 | D:10     | XOM: cloud trail
 13505 | D:10     | XOM: god gift: 15 sling bullets {god gift}
 13577 | D:10     | Noticed a two-headed ogre
 13577 | D:10     | XOM: swap monsters
 13589 | D:10     | Killed a two-headed ogre
 13619 | D:10     | XOM: polymorph orc -> gnoll
 13793 | D:10     | XOM: silly message
 14030 | D:11     | XOM: silly message
 14271 | D:11     | XOM: 1-stop teleportation journey
 14453 | D:11     | Noticed a two-headed ogre
 14458 | D:11     | Killed a two-headed ogre
 14612 | D:11     | XOM: medium Fire miscast
 14641 | D:11     | XOM: medium Air miscast
 14767 | D:11     | Found a staircase to the Lair.
 14913 | D:11     | You fall through a shaft!
 14913 | D:12     | Noticed an orb spider
 14914 | D:12     | stop it please...
 14914 | D:12     | yet another wraith AND an orb spider?
 14917 | D:12     | Noticed Josephine
 14921 | D:12     | Found Liju's Book Emporium.
 14921 | D:12     | Noticed a death knight
 14926 | D:12     | Noticed a five-headed hydra
 14927 | D:12     | Noticed Azrael
 14927 | D:12     | i see
 14930 | D:12     | Quit the game
